 Dungeon Crawl Stone Soup version 0.18.1-48-g4cf74bf (webtiles) character file.

117199 Peloso the Peltast (level 16, -1/149 HPs)
             Began as a Minotaur Fighter on Sept 3, 2016.
             Was the Champion of Okawaru.
             Slain by a naga warrior
             ... wielding a +3 long sword of protection
              (5 damage)
             ... on level 2 of the Snake Pit.
             The game lasted 01:16:02 (24682 turns).

Peloso the Peltast (Minotaur Fighter)              Turns: 24682, Time: 01:16:03

Health: -1/149     AC: 33    Str: 29    XL:     16   Next: 22%
Magic:  15/15      EV:  9    Int:  5    God:    Okawaru [******]
Gold:   2043       SH: 18    Dex: 15    Spells: 0 memorised, 15 levels left

rFire  . . .     SeeInvis +     Q - +2 double sword (elec)
rCold  . . .     Gourm    +     T - +2 plate armour {MR+}
rNeg   + . .     Faith    .     V - +2 shield of the Hundredfold Wishes {SInv}
rPois  +         Spirit   .     R - +2 hat {MR+}
rElec  .         Dismiss  .     K - +2 cloak {rPois}
rCorr  +         Reflect  .     E - +3 pair of gloves "Uzorr" {rCorr Str+4}
SustAt .         Harm     .     O - +3 pair of boots "Qiesh" {rN+ MR+}
MR     ++++.                    w - amulet of the gourmand
Stlth  ..........               l - +3 ring of slaying
                                v - +2 ring of dexterity

@: lethally poisoned (-1 -> -2), constricted, incredibly resistant to hostile
enchantments, extremely unstealthy
A: retaliatory headbutt, horns 2
a: Heroism, Finesse, Renounce Religion


You were on level 2 of the Snake Pit.
You worshipped Okawaru.
Okawaru was exalted by your worship.
You were very full.

You visited 5 branches of the dungeon, and saw 26 of its levels.
You also visited: Labyrinth and Volcano.

You collected 2271 gold pieces.
You spent 228 gold pieces at shops.

Inventory:

Hand Weapons
 e - a +4 scimitar of flaming
 P - a +2 double sword of slicing
 Q - a +2 double sword of electrocution (weapon)
Armour
 y - a +0 pair of boots
 E - the +3 pair of gloves "Uzorr" (worn) {rCorr Str+4}
   (Okawaru gifted it to you on level 7 of the Lair of Beasts)

   It affects your strength (+4).
   It protects you from acid and corrosion.
 K - a +2 cloak of poison resistance (worn)
 O - the +3 pair of boots "Qiesh" (worn) {rN+ MR+}
   (You bought it in a shop on level 2 of the Orcish Mines)

   It protects you from negative energy.
   It affects your resistance to hostile enchantments.
 R - a +2 hat of magic resistance (worn)
 T - a +2 plate armour of magic resistance (worn)
 V - the +2 shield of the Hundredfold Wishes (worn) {SInv}
   (You acquired it on level 4 of the Lair of Beasts)

   It lets you see invisible.
Jewellery
 l - a +3 ring of slaying (right hand)
 v - a +2 ring of dexterity (left hand)
 w - an amulet of the gourmand (around neck)
 C - a +2 amulet of reflection
 J - an uncursed amulet of regeneration
 M - an uncursed ring of protection from fire
 N - an uncursed ring of see invisible
Wands
 B - a wand of hasting (5/9)
 Z - a wand of disintegration (18/24)
Scrolls
 b - 7 scrolls of remove curse
 c - a scroll of amnesia
 g - 3 scrolls of identify
 k - 8 scrolls of teleportation
 n - a scroll of summoning
 s - 4 scrolls of recharging
 t - a scroll of enchant armour
 F - 2 scrolls of blinking
 G - 4 scrolls of fear
 S - 4 scrolls of magic mapping
Potions
 d - 4 potions of might
 i - 2 potions of resistance
 m - 4 potions of flight
 q - 4 potions of curing
 u - 5 potions of haste
 x - 10 potions of agility
 A - 3 potions of heal wounds
 X - a potion of berserk rage
Comestibles
 f - 17 bread rations
 p - 18 fruits
 r - 10 slices of pizza
 H - 4 beef jerkies
 I - 10 meat rations


   Skills:
 + Level 15.3 Fighting
 + Level 18.1 Long Blades
   Level 1.2 Maces & Flails
 + Level 14.5 Armour
 + Level 6.3 Dodging
 + Level 2.0 Stealth
 + Level 18.4 Shields
 + Level 1.1 Invocations


You had 15 spell levels left.
You didn't know any spells.

Dungeon Overview and Level Annotations

Branches:
Dungeon (13/15)            Temple (1/1) D:6            Lair (8/8) D:8
 Shoals (0/4) Lair:5        Snake (2/4) Lair:5        Slime (0/6) Lair:8
    Orc (2/2) D:9             Elf (0/3) Orc:2        Vaults (0/5) D:13

Altars:
Ashenzari
Dithmenos
Elyvilon
Fedhas
Gozag
Kikubaaqudgha
Makhleb
Okawaru
Pakellas
Qazlal
Ru
Sif Muna
Trog
Vehumet
Xom
Yredelemnul
Zin
The Shining One
Beogh
Jiyva

Shops:
Orc:2 =(*[


Innate Abilities, Weirdness & Mutations

You reflexively headbutt those who attack you in melee.
You have a pair of horns on your head.


Message History

The naga sharpshooter gestures wildly while chanting.
The naga sharpshooter magically shoots a bolt.
The bolt hits you!
* * * LOW HITPOINT WARNING * * *
You slash the naga sharpshooter!
There is a sudden explosion of sparks!
The naga sharpshooter is heavily wounded.
Unknown command.
You barely miss the naga sharpshooter. You headbutt the naga sharpshooter!
The naga sharpshooter is severely wounded.
The naga sharpshooter shoots a bolt.
The bolt hits you but does no damage.
Unknown command.
You chop the naga sharpshooter into pieces!!!
There is a sudden explosion of sparks!
You kill the naga sharpshooter!
Okawaru accepts your kill.
You feel sick.
The naga warrior hits you with a long sword of protection.
* * * LOW HITPOINT WARNING * * *
The naga warrior grabs you.
You die...

.....# ####$...#
###.......# #.......#
#.[.).#.###
.####./†#.(N)(#
.....##)###N..#
#......))##...##
....#..N@##(#..## ##
#..†()))##..###
.......###.......#
#.....## ####....####
##....)# ##...†..#
####..# #...##.# #..#
######.# ######..#
##### #...#
........###...####...#


You could see a naga warrior.

Vanquished Creatures
  Rupert (Orc:2)
  Gastronok (Lair:3)
  Kirke (D:12)
  2 azure jellies (Lair:8)
  Maud (Lair:8)
  Aizul (Snake:1)
  An orc warlord (Orc:2)
  A stone giant (Orc:2)
  Snorg (Orc:1)
  An ettin (Orc:2)
  A minotaur (Lab)
  Josephine (Orc:1)
  The ghost of Crag the Severer, a journeyman HOFi of Gozag (Volcano)
  Harold (Lair:3)
  A naga warrior (Snake:2)
  2 catoblepae
  8 hydras
  The ghost of ayyllmao the Grappler, a novice TrMo of Trog (D:9)
  A death knight (D:13)
  4 anacondas (Snake:1)
  2 centaur warriors (D:13)
  2 dancing weapons (D:13)
  9 death yaks
  2 orc high priests (Orc:2)
  3 naga sharpshooters (Snake:2)
  Sonja (D:11)
  A shock serpent (Snake:1)
  3 naga ritualists (Snake:1)
  The ghost of Schimscham the Covered, a novice MiFi of the Shining One (D:8)
  Pikel (D:7)
  4 orc sorcerers (Orc:2)
  6 hill giants
  A phantasmal warrior (D:13)
  3 orc knights
  2 deep elf magi
  7 mana vipers
  An ugly thing (D:13)
  2 salamanders
  A centaur zombie (D:11)
  Maurice (D:8)
  7 naga magi
  A toenail golem (Volcano)
  19 black mambas
  11 elephants
  2 guardian serpents (Snake:2)
  A torpor snail (Lair:7)
  17 spiny frogs
  A gargoyle (D:13)
  7 komodo dragons
  A kobold demonologist (D:11)
  2 efreet
  A troll (D:13)
  2 red devils (Volcano)
  4 two-headed ogres
  2 giant leeches (Lair:8)
  23 blink frogs
  A slime creature (D:13)
  60 yaks
  9 wraiths
  3 wyverns
  2 basilisks
  2 hogs (D:12)
  Grum (D:8)
  6 vampire mosquitoes
  8 hippogriffs
  3 hungry ghosts
  2 steam dragons
  2 wargs
  15 nagas
  A mottled dragon (D:13)
  13 water moccasins
  15 porcupines
  A hell hound (Volcano)
  2 sky beasts
  2 black bears
  An ice beast (D:7)
  41 orc warriors
  3 phantoms
  15 ogres
  4 necrophages
  12 centaurs
  5 wolves
  16 crocodiles
  5 big kobolds
  31 giant frogs
  A wyvern skeleton (D:13)
  6 scorpions
  A troll skeleton (Lab)
  2 spriggan skeletons (Lab)
  5 killer bees (D:11)
  32 wights
  3 electric eels
  A howler monkey (D:4)
  6 crimson imps
  A giant frog zombie (D:9)
  3 quasits
  10 hounds
  5 giant frog skeletons
  7 jellies
  26 orc wizards
  29 orc priests
  6 centaur skeletons
  15 iguanas
  6 worker ants
  23 sheep
  A hound zombie (D:8)
  8 gnolls
  10 adders
  23 river rats
  6 shadow imps
  3 oozes
  An adder zombie (D:5)
  2 adder skeletons
  A worm (D:2)
  4 dart slugs
  4 giant geckos
  84 orcs
  6 bats
  2 giant cockroaches
  A goblin (D:2)
  8 hobgoblins
  A jackal (D:6)
  3 quokkas
  A giant gecko zombie (D:5)
  8 giant newts
  10 kobolds
  A quokka skeleton (D:4)
  A quokka zombie (D:8)
  5 rats
  3 plants (Lair:1)
852 creatures vanquished.

Vanquished Creatures (others)
  2 slaves (D:7)
  A giant frog (D:7)
  An orc priest (D:12)
  An orc wizard (Orc:2)
  An orc (D:12)
  13 fungi
  7 plants
  2 withered plants (D:9)
28 creatures vanquished.

Grand Total: 880 creatures vanquished

Notes
Turn   | Place    | Note
--------------------------------------------------------------
     0 | D:1      | Peloso the Minotaur Fighter began the quest for the Orb.
     0 | D:1      | Reached XP level 1. HP: 19/19 MP: 0/0
    90 | D:1      | Reached XP level 2. HP: 27/27 MP: 1/1
   734 | D:2      | Reached skill level 1 in Dodging
   734 | D:2      | Reached XP level 3. HP: 33/33 MP: 2/2
  1143 | D:3      | Found a shattered altar of Ashenzari.
  1206 | D:3      | Found a glowing silver altar of Zin.
  1565 | D:3      | Reached XP level 4. HP: 25/41 MP: 3/3
  1959 | D:4      | Noticed an ogre
  1968 | D:4      | Killed an ogre
  1968 | D:4      | Reached skill level 5 in Fighting
  1968 | D:4      | Reached XP level 5. HP: 48/48 MP: 4/4
  2001 | D:4      | Found a radiant altar of Vehumet.
  2096 | D:4      | Reached skill level 5 in Armour
  2096 | D:4      | Reached XP level 6. HP: 39/56 MP: 5/5
  2501 | D:4      | Reached skill level 5 in Shields
  2866 | D:5      | Entered Level 5 of the Dungeon
  2922 | D:5      | Reached XP level 7. HP: 37/61 MP: 6/6
  3558 | D:5      | Reached skill level 5 in Long Blades
  3713 | D:5      | Reached XP level 8. HP: 65/70 MP: 7/7
  4429 | D:6      | Found a staircase to the Ecumenical Temple.
  4542 | D:6      | Found a glowing golden altar of the Shining One.
  4543 | D:6      | Found a bloodstained altar of Trog.
  4548 | D:6      | Reached XP level 9. HP: 79/79 MP: 8/8
  5525 | D:7      | Noticed Pikel
  5537 | D:7      | Killed Pikel
  5555 | D:7      | Found a basalt altar of Yredelemnul.
  5711 | D:7      | Reached skill level 1 in Stealth
  5822 | D:8      | Found a staircase to the Lair.
  5822 | D:8      | Noticed an elephant
  5846 | D:8      | Reached XP level 10. HP: 85/90 MP: 9/9
  5860 | D:8      | Killed an elephant
  6054 | D:8      | Noticed Maurice
  6061 | D:8      | Found a white marble altar of Elyvilon.
  6073 | D:8      | Reached skill level 10 in Shields
  6122 | D:8      | Noticed Grum
  6126 | D:8      | Killed Grum
  6287 | D:8      | Killed Maurice
  6548 | D:8      | Found a deep blue altar of Sif Muna.
  6654 | D:8      | Noticed Schimscham's ghost (novice MiFi)
  6671 | D:8      | Killed Schimscham's ghost
  6671 | D:8      | Reached skill level 10 in Long Blades
  6867 | Temple   | Entered the Ecumenical Temple
  6879 | Temple   | Became a worshipper of Warmaster Okawaru
  7007 | D:9      | Reached skill level 10 in Fighting
  7056 | D:9      | Reached skill level 10 in Armour
  7189 | D:9      | Noticed ayyllmao's ghost (novice TrMo)
  7221 | D:9      | Killed ayyllmao's ghost
  7221 | D:9      | Reached * piety under Okawaru
  7221 | D:9      | Reached XP level 11. HP: 49/100 MP: 10/10
  7884 | D:9      | Found a staircase to the Orcish Mines.
  7980 | D:9      | Reached ** piety under Okawaru
  8459 | Lair:1   | Entered Level 1 of the Lair of Beasts
  8713 | Lair:1   | Reached *** piety under Okawaru
  9609 | Lair:2   | Received a gift from Okawaru
  9837 | Lair:2   | Reached **** piety under Okawaru
 10049 | Lair:3   | Noticed Harold
 10059 | Lair:3   | Killed Harold
 10102 | Lair:3   | Received a gift from Okawaru
 10135 | Lair:3   | Noticed a six-headed hydra
 10147 | Lair:3   | Killed a six-headed hydra
 10147 | Lair:3   | Reached ***** piety under Okawaru
 10147 | Lair:3   | Reached XP level 12. HP: 68/110 MP: 11/11
 10240 | Lair:3   | Noticed a death yak
 10240 | Lair:3   | Noticed a death yak
 10244 | Lair:3   | Noticed a death yak
 10246 | Lair:3   | Noticed a death yak
 10248 | Lair:3   | Noticed a death yak
 10252 | Lair:3   | Killed a death yak
 10835 | Lair:3   | Killed a death yak
 10839 | Lair:3   | Killed a death yak
 10849 | Lair:3   | Killed a death yak
 10855 | Lair:3   | Killed a death yak
 10855 | Lair:3   | Received a gift from Okawaru
 10919 | Lair:3   | Noticed Gastronok
 10930 | Lair:3   | Killed Gastronok
 11612 | Lair:4   | Noticed an eight-headed hydra
 11621 | Lair:4   | Killed an eight-headed hydra
 11650 | Lair:4   | Noticed a four-headed hydra
 11662 | Lair:4   | Killed a four-headed hydra
 12030 | Lair:4   | Noticed an eight-headed hydra
 12040 | Lair:4   | Received a gift from Okawaru
 12048 | Lair:4   | Killed an eight-headed hydra
 12048 | Lair:4   | Reached XP level 13. HP: 62/119 MP: 12/12
 12051 | Lair:4   | Got a warped dagger {god gift}
 12176 | Lair:4   | Reached skill level 1 in Maces & Flails
 12287 | Lair:4   | Identified a scroll of acquirement
 12290 | Lair:4   | Got a pitted shield
 12301 | Lair:4   | Identified the +2 shield of the Hundredfold Wishes {SInv} (You acquired it on level 4 of the Lair of Beasts)
 12773 | Lair:5   | Found a labyrinth entrance.
 12787 | Lab      | Entered a labyrinth
 12999 | Lab      | Noticed a minotaur
 13005 | Lab      | Killed a minotaur
 13010 | Lab      | Got a steaming scythe
 13120 | Lair:5   | Reached ****** piety under Okawaru
 13125 | Lair:5   | Received a gift from Okawaru
 13204 | Lair:5   | Found a staircase to the Snake Pit.
 13326 | Lair:5   | Found a staircase to the Shoals.
 13767 | Lair:1   | Identified the +10 dagger of Massacring {holy, rPois Str+3 Int+4 Dex-2} (Okawaru gifted it to you on level 4 of the Lair of Beasts)
 14076 | Lair:6   | Reached skill level 5 in Dodging
 14103 | Lair:6   | Found a dark tunnel.
 14126 | Volcano  | Entered a volcano
 14172 | Volcano  | Noticed Crag's ghost (journeyman HOFi)
 14193 | Volcano  | Killed Crag's ghost
 14454 | Lair:6   | Reached skill level 15 in Long Blades
 15043 | Lair:7   | Received a gift from Okawaru
 15051 | Lair:7   | Got a pair of encrusted gloves {god gift}
 15067 | Lair:7   | Identified the +3 pair of gloves "Uzorr" {rCorr Str+4} (Okawaru gifted it to you on level 7 of the Lair of Beasts)
 15118 | Lair:7   | Reached XP level 14. HP: 118/129 MP: 13/13
 15592 | Lair:7   | Reached skill level 15 in Shields
 15749 | Lair:8   | Entered Level 8 of the Lair of Beasts
 15920 | Lair:8   | Noticed Maud
 16034 | Lair:8   | Killed Maud
 16418 | Lair:8   | Found a runed door.
 16418 | Lair:8   | Found a viscous altar of Jiyva.
 16419 | Lair:8   | Noticed an azure jelly
 16423 | Lair:8   | Noticed an azure jelly
 16426 | Lair:8   | Found a staircase to the Slime Pits.
 16435 | Lair:8   | Killed an azure jelly
 16441 | Lair:8   | Killed an azure jelly
 16476 | Lair:8   | Received a gift from Okawaru
 17217 | D:10     | Entered Level 10 of the Dungeon
 17381 | D:10     | Found a white marble altar of Elyvilon.
 17962 | D:11     | Found a basalt altar of Yredelemnul.
 18347 | D:11     | Noticed Sonja
 18355 | D:11     | Killed Sonja
 18582 | D:12     | Received a gift from Okawaru
 18583 | D:12     | Noticed Kirke
 18584 | D:12     | Noticed a sphinx
 18601 | D:12     | Killed Kirke
 18890 | D:12     | Reached XP level 15. HP: 120/138 MP: 14/14
 19237 | D:13     | Found a shadowy altar of Dithmenos.
 19393 | D:13     | Found a gate to the Vaults.
 20184 | Orc:1    | Entered Level 1 of the Orcish Mines
 20220 | Orc:1    | Found a roughly hewn altar of Beogh.
 20452 | Orc:2    | Entered Level 2 of the Orcish Mines
 20604 | Orc:1    | Noticed Snorg
 20604 | Orc:1    | Noticed Josephine
 20628 | Orc:1    | Killed Snorg
 20635 | Orc:1    | Killed Josephine
 20635 | Orc:1    | Received a gift from Okawaru
 21382 | Orc:2    | Found a staircase to the Elven Halls.
 21480 | Orc:2    | Noticed Rupert
 21486 | Orc:2    | Killed Rupert
 21915 | Orc:2    | Noticed an orc warlord
 22255 | Orc:2    | Killed an orc warlord
 22459 | Orc:2    | Found Mefank's Antique Armour Shop.
 22460 | Orc:2    | Found Inyrphag's Antique Weapon Shop.
 22461 | Orc:2    | Found Quket's General Store.
 22461 | Orc:2    | Found Saply's Jewellery Boutique.
 22475 | Orc:2    | Bought a pair of brightly glowing boots for 228 gold pieces
 22486 | Orc:2    | Identified the +3 pair of boots "Qiesh" {rN+ MR+} (You bought it in a shop on level 2 of the Orcish Mines)
 22877 | Snake:1  | Entered Level 1 of the Snake Pit
 23005 | Snake:1  | Found a burning altar of Makhleb.
 23022 | Snake:1  | Reached skill level 15 in Fighting
 23842 | Snake:1  | Noticed Aizul
 23853 | Snake:1  | Killed Aizul
 23866 | Snake:1  | Reached XP level 16. HP: 76/149 MP: 9/15
 24622 | Snake:2  | Received a gift from Okawaru
 24639 | Snake:2  | Reached skill level 1 in Invocations
 24660 | Snake:2  | HP: 6/149 [naga sharpshooter/bolt (8)]
 24682 | Snake:2  | HP: 4/149 [naga warrior/long sword of protection (6)]
 24682 | Snake:2  | Slain by a naga warrior

Skill      XL: |  1  2  3  4  5  6  7  8  9 10 11 12 13 14 15 16 |
---------------+-------------------------------------------------+-----
Shields        | 4 5 6 7 9 10 12 13 14 16 18 | 18.4
Fighting       | 4 5 6 7 8 10 11 12 13 14 15 | 15.3
Dodging        | 1 2 3 4 5 6 |  6.3
Armour         | 4 5 7 8 9 10 11 12 13 14 | 14.5
Long Blades    | 3 4 5 6 8 10 12 13 15 16 18 | 18.1
Stealth        | 1 2 |  2.0
Maces & Flails | 1 |  1.2
Invocations    | 1 |  1.1

Action                   |  1- 3 |  4- 6 |  7- 9 | 10-12 | 13-15 | 16-18 || total
-------------------------+-------+-------+-------+-------+-------+-------++-------
Melee: Long sword        |    87 |    59 |    72 |       |       |       ||   218
       Headbutt          |    10 |    12 |    60 |   182 |   339 |    31 ||   634
       Falchion          |       |       |   198 |   339 |       |       ||   537
       Scimitar          |       |       |       |   243 |     3 |       ||   246
       Whip              |       |       |       |    31 |    13 |       ||    44
       Double sword      |       |       |       |    58 |  1280 |    98 ||  1436
Invok: Heroism           |       |       |       |       |     4 |     1 ||     5
  Use: Scroll            |       |       |       |    22 |    14 |     1 ||    37
       Potion            |       |       |       |       |       |     4 ||     4
 Stab: Distracted        |       |       |       |       |     1 |       ||     1
  Eat: Chunk             |     1 |     4 |     9 |    45 |    47 |     1 ||   107
       Fruit             |       |     1 |     1 |       |       |       ||     2
Armor: Scale mail        |    37 |     2 |       |       |       |       ||    39
       Plate armour      |       |    11 |   124 |   297 |   377 |    62 ||   871
       Storm dragon armo |       |       |       |       |   126 |       ||   126
Dodge: Dodged            |    28 |    14 |    50 |   161 |   420 |    42 ||   715
Block: Shield            |    55 |    29 |   133 |   419 |  1257 |   149 ||  2042
